 Dungeon Sprint DCSS version 0.28.0-53-g5a82cb258f (webtiles) character file.

Game seed: 4308838458370425965

119 Zeld the Thaumaturge (level 4, -1/24 HPs)
             Began as a Deep Elf Conjurer on June 5, 2022.
             Slain by a hound (2 damage)
             ... in the Dungeon (Sprint IX: "|||||||||||||||||||||||||||||").
             The game lasted 00:00:25 (228 turns).

Zeld the Thaumaturge (Deep Elf Conjurer)             Turns: 228, Time: 00:00:26

Health: -1/24      AC:  2    Str:  6    XL:     4   Next: 73%
Magic:  8/16       EV: 12    Int: 23    God:
Gold:   0          SH:  0    Dex: 13    Spells: 19/20 levels left

rFire   . . .      SeeInvis .   h - +0 short sword
rCold   . . .      Faith    .   (no shield)
rNeg    . . .      Spirit   .   a - +0 robe
rPois   .          Reflect  .   (no helmet)
rElec   .          Harm     .   (no cloak)
rCorr   .          Rampage  .   (no gloves)
Will    .....      NoTele   +   (no boots)
Stlth   ++........              (no amulet)
HPRegen 0.08/turn               (no ring)
MPRegen 0.15/turn               (no ring)

@: on berserk cooldown, slowed, very slow
A: no striking features
a: no special abilities


You were in the Dungeon.
You visited 1 branch

Inventory:

Hand Weapons
 h - a +0 short sword (weapon)
Armour
 a - a +0 robe (worn)
Scrolls
 g - a scroll of blinking
Potions
 b - a potion of curing
 c - a potion of heal wounds
 d - a potion of haste
 e - 2 potions of magic


   Skills:
 - Level 2.4 Dodging
 - Level 2.4 Stealth
 + Level 8.8 Spellcasting
 + Level 8.3 Conjurations
 - Level 2.0 Hexes
 - Level 2.0 Translocations


You had 19 spell levels left.
You knew the following spells:

 Your Spells              Type           Power      Damage    Failure   Level
a - Magic Dart            Conj           100%       1d8       1%          1

Your spell library contained the following spells:

 Spells                   Type           Power      Damage    Failure   Level
 Searing Ray              Conj           96%        2d7       1%          2
 Dazzling Flash           Conj/Hex       68%        N/A       2%          3
 Fulminant Prism          Conj/Hex       17%        3d11      8%          4
 Iskenderun's Mystic Bla  Conj/Tloc      34%        2d8       8%          4


Dungeon Overview and Level Annotations

Branches:
Dungeon (1/1)

Altars:


Message History

You feel stronger. x2
You hit the ogre.
The ogre is lightly wounded.
The ogre hits you with a +0 giant club!
You puncture the ogre!
The ogre is heavily wounded.
You barely miss the ogre.
The ogre is heavily wounded.
The ogre closely misses you.
You puncture the ogre!
The ogre is severely wounded.
The ogre closely misses you.
You hit the ogre.
The ogre is almost dead.
You hit the ogre.
You kill the ogre!
Your Spellcasting skill gained 3 levels and is now at level 8!
Your Conjurations skill gained 2 levels and is now at level 8!
You have reached level 4!
You feel clever.
Unknown command.
You closely miss the hound. The hound bites you.
* * * LOW HITPOINT WARNING * * *
You closely miss the hound. The hound barely misses you.
You hit the hound.
The hound is moderately wounded.
The hound bites you.
* * * LOW HITPOINT WARNING * * *
Unknown command.
You puncture the hound!
The hound is almost dead.
You are no longer berserk.
You are exhausted.
You feel yourself slow down. The hound bites you.
* * * LOW HITPOINT WARNING * * *
Unknown command.
You hit the hound but do no damage.
The hound is almost dead.
The hound closely misses you. The hound bites you.
You die... ▓▓▓▓▓▓▓▓▓▓▓▓▓▓▓▓▓▓ ▓<...')÷..@hZZ...+ ▓▓▓▓▓▓▓▓▓▓▓▓▓▓▓▓▓▓

You could see a hound, a ball python zombie and a bat skeleton.

Vanquished Creatures
  An ogre (D)
  A hound (D)
  2 bats (D)
  A goblin (D)
  A kobold (D)
  A rat (D)
7 creatures vanquished.

Notes
Turn   | Place    | Note
-------+----------+-------------------------------------------
     0 | D        | Zeld the Deep Elf Conjurer began the quest for the Orb.
     0 | D        | Reached XP level 1. HP: 10/10 MP: 6/6
     6 | D        | Reached skill level 1 in Hexes
     8 | D        | Reached skill level 1 in Translocations
   209 | D        | Noticed a hound
   209 | D        | Noticed an ogre
   209 | D        | Noticed a hound
   217 | D        | Killed a hound
   218 | D        | Reached skill level 5 in Spellcasting
   218 | D        | Reached XP level 2. HP: 12/15 MP: 6/10
   218 | D        | Reached XP level 3. HP: 16/19 MP: 7/12
   223 | D        | Killed an ogre
   224 | D        | Reached XP level 4. HP: 12/24 MP: 7/16
   227 | D        | HP: 1/24 [hound (3)]
   228 | D        | Slain by a hound

Illustrated notes

Levels and vault maps discovered:
D:        linesprint [early_d, line_temple, items_1, d_10, items_2, lair_1,
          lair_end, items_3, orc_1, orc_end, items_4, d_15, swamp_1, shoals_1,
          snake_1, spider_1, d_20, vaults_1, items_5, swamp_end, shoals_end,
          snake_end, spider_end, vaults_end, d_27, items_6, zot_1, zot_end,
          crypt_end, forest_end, elf_end, slime_end, tomb_end, abyss_end,
          pan_hell_end]

Skill      XL: |  1  2  3 |
---------------+----------+-----
Hexes          | 2 |  2.0
Translocations | 2 |  2.0
Spellcasting   | 5 8 |  8.8
Conjurations   | 6 8 |  8.3
Dodging        | |  2.4
Stealth        | |  2.4

Action                   |  1- 3 |  4- 6 || total
-------------------------+-------+-------++-------
Melee: Short sword       |    13 |     5 ||    18
 Cast: Magic Dart        |     7 |       ||     7
  Use: Potion            |     1 |       ||     1
Armor: Robe              |     1 |       ||     1
Dodge: Dodged            |    10 |     2 ||    12
